 Dungeon Sprint DCSS version 0.29-a0-352-g0917bc69df (webtiles) character file.

Game seed: 14569420538383188828

55643 mhtbhm the Minotaur Porcupine (level 14, 0/168 HPs)
             Began as a Minotaur Berserker on Apr 23, 2022.
             Was the Champion of Trog.
             Slain by a dire elephant (22 damage)
             ... in the Dungeon (Sprint IX: "|||||||||||||||||||||||||||||").
             The game lasted 00:07:23 (4434 turns).

mhtbhm the Minotaur Porcupine (Minotaur Berserker)  Turns: 4434, Time: 00:07:24

Health: 0/168      AC: 28    Str: 26    XL:     14   Next: 39%
Magic:  13/13      EV: 17    Int:  4    God:    Trog [******]
Gold:   1519       SH:  0    Dex: 11    Spells: 13/13 levels left

rFire   . . .      SeeInvis .   a - +4 glaive of Ceidad {flame, rElec rC+ Will+++ Stlth-}
rCold   + . .      Faith    .   (shield currently unavailable)
rNeg    . . .      Spirit   .   b - +2 plate armour
rPois   +          Reflect  .   (helmet restricted)
rElec   +          Harm     .   A - +1 cloak
rCorr   .          Rampage  .   k - +0 pair of gloves
Will    ++++.      NoTele   +   (no boots)
Stlth   ..........              (no amulet)
HPRegen 0.38/turn               x - +4 ring of evasion
MPRegen 0.13/turn               y - ring of poison resistance

@: on berserk cooldown
A: horns 2, retaliatory headbutt
a: Renounce Religion, Berserk, Trog's Hand, Brothers in Arms


You were in the Dungeon.
You worshipped Trog.
Trog was exalted by your worship.
You visited 1 branch You collected 1897 gold pieces.
You spent 378 gold pieces at shops.

Inventory:

Hand Weapons
 a - the +4 glaive of Ceidad (weapon) {flame, rElec rC+ Will+++ Stlth-}
   (Trog gifted it to you in the Dungeon)

   It burns those it strikes, dealing additional fire damage.
   Big, fiery blades are also staple armaments of hydra-hunters.
   rC:        It protects you from cold.
   rElec:     It insulates you from electricity.
   Will:      It greatly increases your willpower.
   Stlth:     It makes you less stealthy.
 m - a +2 bardiche of flaming
 n - a +5 demon trident of flaming
Missiles
 u - 7 javelins (quivered)
Armour
 b - a +2 plate armour (worn)
 k - a +0 pair of gloves (worn)
 A - a +1 cloak (worn)
Jewellery
 x - a +4 ring of evasion (left hand)
 y - a ring of poison resistance (right hand)
Wands
 j - a wand of iceblast (9)
 v - a wand of charming (14)
Scrolls
 h - 4 scrolls of blinking
 o - 7 scrolls of identify
 p - 3 scrolls of fog
 q - 4 scrolls of enchant weapon
 r - 5 scrolls of enchant armour
 s - a scroll of summoning
Potions
 c - 7 potions of curing
 d - 11 potions of heal wounds
 e - 2 potions of haste
 f - 4 potions of magic
 g - a potion of berserk rage
 i - a potion of invisibility
 l - a potion of might
 t - a potion of mutation {unknown}


   Skills:
 O Level 27 Fighting
 O Level 27 Polearms
 + Level 25.0 Armour
 + Level 12.6 Dodging
 + Level 3.8 Stealth
 + Level 1.2 Evocations


You had 13 spell levels left.
You didn't know any spells.
Your spell library was empty.

Dungeon Overview and Level Annotations

Branches:
Dungeon (1/1)

Altars:
Cheibriados
Dithmenos
Elyvilon
Fedhas
Gozag
Hepliaklqana
Kikubaaqudgha
Makhleb
Nemelex Xobeh
Okawaru
Qazlal
Ru
Sif Muna
Trog
Uskayaw
Vehumet
Wu Jian
Xom
Yredelemnul
Zin
The Shining One
Beogh
Jiyva
Lugonu

Shops:
D ?[[[


Innate Abilities, Weirdness & Mutations

You have a pair of horns on your head.
You reflexively headbutt those who attack you in melee.


Message History

You slash the ironbound thunderhulk! You burn the ironbound thunderhulk.
You headbutt the ironbound thunderhulk!
You kill the ironbound thunderhulk!
Trog accepts your kill.
Your Armour skill increases to level 25!
You slash the dire elephant! You burn the dire elephant.
You headbutt the dire elephant!
The dire elephant is lightly wounded.
The dire elephant tramples you.
* * * LOW HITPOINT WARNING * * *
You stumble backwards!
Unknown command.
You completely miss the dire elephant.
The dire elephant is lightly wounded.
The dire elephant tramples you!
* * * LOW HITPOINT WARNING * * *
You stumble backwards!
You feel much better.
You feel yourself speed up.
The dire elephant tramples you but does no damage.
The dire elephant trunk-slaps you!
* * * LOW HITPOINT WARNING * * *
The dire elephant tramples you but does no damage.
The dire elephant trunk-slaps you but does no damage.
Press: ? - help, v - describe, . - travel, g - get item
Here: a dire elephant (lightly wounded)
Items here: a +3 glaive of flaming; a +0 morningstar; a +0 ring mail.
An open door to the Vaults, spattered with blood.
Unknown command.
You barely miss the dire elephant.
The dire elephant is lightly wounded.
You hit the dire elephant but do no damage.
You headbutt the dire elephant!
The dire elephant is moderately wounded.
The dire elephant misses you.
The dire elephant completely misses you.
You hit the dire elephant but do no damage.
The dire elephant is moderately wounded.
The dire elephant tramples you!!
You die...

▓▓▓▓▓▓▓▓▓▓▓▓▓▓▓▓▓▓▓▓▓▓▓▓▓▓▓
)).....().......@Yp))......
▓▓▓▓▓▓▓▓▓▓▓▓▓▓▓▓▓▓▓▓▓▓▓▓▓▓▓▓▓▓▓▓▓
.........).......................
▓▓▓▓▓▓♣♣♣♣♣♣♣♣♣♣▓▓▓▓▓▓▓▓▓▓▓▓▓▓▓▓▓
......)††.......)))......)))))†).
▓▓▓▓▓▓♣♣♣♣♣♣♣♣♣♣▓▓▓▓▓▓▓▓▓▓▓▓▓▓▓▓▓
.................................
▓▓▓▓▓▓▓▓▓▓▓▓▓▓▓▓▓▓▓▓▓▓▓▓▓▓▓▓▓▓▓▓▓
)))).[[[[[[[[.......=.)')).......


You could see a dire elephant and a vault sentinel.

Vanquished Creatures
  A tentacled monstrosity (D)
  A shadow dragon (D)
  2 fire giants (D)
  2 frost giants (D)
  A vault warden (D)
  An ironbound preserver (D)
  4 very ugly things (D)
  An ironbound thunderhulk (D)
  3 stone giants (D)
  An eleionoma (D)
  A spark wasp (D)
  An entropy weaver (D)
  A yaktaur captain (D)
  A salamander tyrant (D)
  An ice dragon (D)
  A hydra (D)
  A centaur warrior (D)
  2 rakshasas (D)
  2 boulder beetles (D)
  2 ogre magi (D)
  A two-headed ogre (D)
  2 merfolk avatars (D)
  2 ironbound frosthearts (D)
  2 alligators (D)
  A naga warrior (D)
  A death yak (D)
  2 tengu warriors (D)
  2 vampire magi (D)
  A naga sharpshooter (D)
  Urug (D)
  A deep troll earth mage (D)
  Nergalle (D)
  A skeletal warrior (D)
  A goliath frog (D)
  2 glowing orange brains (D)
  A steelbarb worm (D)
  A harpy (D)
  A swamp dragon (D)
  A bog body (D)
  A wizard (D)
  3 orc knights (D)
  2 ironbound convokers (D)
  A mana viper (D)
  2 ugly things (D)
  A manticore (D)
  An orc sorcerer (D)
  A will-o-the-wisp (D)
  A wolf spider (D)
  A merfolk siren (D)
  2 moths of wrath (D)
  An elephant (D)
  Maurice (D)
  3 naga magi (D)
  3 black mambas (D)
  A water nymph (D)
  A vault sentinel (D)
  A cane toad (D)
  2 rime drakes (D)
  A komodo dragon (D)
  An unseen horror (D)
  3 trolls (D)
  3 merfolk (D)
  A tarantella (D)
  A tyrant leech (D)
  A blink frog (D)
  A snapping turtle (D)
  2 slime creatures (D)
  A culicivora (D)
  A jumping spider (D)
  A water elemental (D)
  3 yaks (D)
  A redback (D)
  2 vampire mosquitoes (D)
  3 wargs (D)
  3 water moccasins (D)
  A hell hound (D)
  21 orc warriors (D)
  A black bear (D)
  5 wolves (D)
  2 centaurs (D)
  A phantom (D)
  3 bullfrogs (D)
  A gnoll sergeant (D)
  2 orc priests (D)
  A hound (D)
  An iguana (D)
  3 orc wizards (D)
  An adder (D)
  8 orcs (D)
  A bat (D)
  A goblin (D)
  A quokka (D)
  2 ball pythons (D)
169 creatures vanquished.

Vanquished Creatures (collateral kills)
  A dire elephant (D)
  A necromancer (D)
  A lindwurm (D)
3 creatures vanquished.

Grand Total: 172 creatures vanquished

Notes
Turn   | Place    | Note
-------+----------+-------------------------------------------
     0 | D        | mhtbhm the Minotaur Berserker began the quest for the Orb.
     0 | D        | Reached XP level 1. HP: 19/19 MP: 0/0
     7 | D        | Reached ** piety under Trog
   110 | D        | Noticed a phantom
   110 | D        | Noticed a hound
   110 | D        | Noticed a black bear
   110 | D        | Noticed an iguana
   113 | D        | Reached skill level 5 in Fighting
   113 | D        | Reached skill level 5 in Polearms
   113 | D        | Reached XP level 2. HP: 29/29 MP: 1/1
   115 | D        | Killed a phantom
   115 | D        | Reached *** piety under Trog
   116 | D        | Reached XP level 3. HP: 39/39 MP: 2/2
   116 | D        | Reached XP level 4. HP: 47/47 MP: 3/3
   123 | D        | Killed a black bear
   124 | D        | Reached XP level 5. HP: 57/57 MP: 4/4
   134 | D        | Found a snail-covered altar of Cheibriados.
   134 | D        | Found a shadowy altar of Dithmenos.
   134 | D        | Found a white marble altar of Elyvilon.
   134 | D        | Found a blossoming altar of Fedhas.
   134 | D        | Found an opulent altar of Gozag.
   135 | D        | Found a hazy altar of Hepliaklqana.
   136 | D        | Found a viscous altar of Jiyva.
   137 | D        | Found an ancient bone altar of Kikubaaqudgha.
   138 | D        | Found a corrupted altar of Lugonu.
   139 | D        | Found a burning altar of Makhleb.
   140 | D        | Found a sparkling altar of Nemelex Xobeh.
   141 | D        | Found an iron altar of Okawaru.
   142 | D        | Found a stormy altar of Qazlal.
   143 | D        | Found a sacrificial altar of Ru.
   144 | D        | Found a shimmering blue altar of Sif Muna.
   145 | D        | Found a bloodstained altar of Trog.
   146 | D        | Found a hide-covered altar of Uskayaw.
   147 | D        | Found a radiant altar of Vehumet.
   148 | D        | Found an ornate altar of the Wu Jian Council.
   149 | D        | Found a shimmering altar of Xom.
   150 | D        | Found a basalt altar of Yredelemnul.
   151 | D        | Found a glowing silver altar of Zin.
   152 | D        | Found a glowing golden altar of the Shining One.
   207 | D        | Noticed a centaur
   207 | D        | Noticed a troll
   207 | D        | Noticed a two-headed ogre
   207 | D        | Noticed a centaur
   209 | D        | Killed a centaur
   209 | D        | Reached **** piety under Trog
   210 | D        | Reached skill level 10 in Fighting
   210 | D        | Reached skill level 10 in Polearms
   210 | D        | Reached skill level 5 in Armour
   210 | D        | Reached skill level 5 in Dodging
   210 | D        | Reached XP level 6. HP: 66/66 MP: 5/5
   215 | D        | Killed a troll
   216 | D        | Reached XP level 7. HP: 75/75 MP: 6/6
   222 | D        | Killed an unseen horror
   225 | D        | Killed a two-headed ogre
   226 | D        | Reached XP level 8. HP: 88/88 MP: 7/7
   227 | D        | Reached ***** piety under Trog
   228 | D        | Reached skill level 15 in Polearms
   276 | D        | Noticed a tengu warrior
   276 | D        | Noticed a troll
   276 | D        | Noticed a troll
   276 | D        | Noticed a boulder beetle
   276 | D        | Noticed a manticore
   283 | D        | Killed a tengu warrior
   284 | D        | Reached XP level 9. HP: 96/96 MP: 8/8
   287 | D        | Killed a troll
   288 | D        | Reached skill level 15 in Fighting
   292 | D        | Killed a troll
   297 | D        | Killed a manticore
   302 | D        | Killed a boulder beetle
   302 | D        | Received a gift from Trog
   483 | D        | Noticed a cane toad
   490 | D        | Killed a cane toad
   491 | D        | Reached XP level 10. HP: 108/108 MP: 9/9
   501 | D        | Received a gift from Trog
   561 | D        | Noticed an elephant
   564 | D        | Noticed a death yak
   571 | D        | Noticed a black mamba
   576 | D        | Reached ****** piety under Trog
   581 | D        | Killed an elephant
   581 | D        | Identified the +4 glaive of Ceidad {flame, rElec rC+
                  | Will+++ Stlth-} (Trog gifted it to you in the Dungeon)
   581 | D        | Received a gift from Trog
   582 | D        | Reached skill level 10 in Dodging
   586 | D        | Killed a death yak
   587 | D        | Reached skill level 10 in Armour
   594 | D        | Killed a black mamba
   966 | D        | Received a gift from Trog
   973 | D        | Reached XP level 11. HP: 108/121 MP: 10/10
  1124 | D        | Received a gift from Trog
  1141 | D        | Received a gift from Trog
  1310 | D        | Noticed an orc sorcerer
  1310 | D        | Noticed an orc knight
  1315 | D        | Killed an orc sorcerer
  1322 | D        | Killed an orc knight
  1323 | D        | Reached skill level 1 in Stealth
  1330 | D        | Received a gift from Trog
  1498 | D        | Found Hinagh Wofe's Magic Scroll Emporium.
  1503 | D        | Received a gift from Trog
  1720 | D        | Found Meen's Antique Armour Shoppe.
  1724 | D        | Found Deviamul's Antique Armour Emporium.
  1732 | D        | Found Angextir's Antique Armour Shoppe.
  1737 | D        | Noticed an orc knight
  1740 | D        | Noticed an orc knight
  1742 | D        | Received a gift from Trog
  1747 | D        | Killed an orc knight
  1751 | D        | Killed an orc knight
  1765 | D        | Bought a scroll of enchant armour for 82 gold pieces
  1765 | D        | Bought a scroll of blinking for 82 gold pieces
  1781 | D        | Bought a scroll of identify for 22 gold pieces
  1781 | D        | Bought a scroll of identify for 22 gold pieces
  1781 | D        | Bought a scroll of identify for 22 gold pieces
  1781 | D        | Bought a scroll of summoning for 104 gold pieces
  1781 | D        | Bought a scroll of identify for 22 gold pieces
  1781 | D        | Bought a scroll of identify for 22 gold pieces
  1836 | D        | Noticed Urug
  1844 | D        | Killed Urug
  1847 | D        | Noticed Maurice
  1854 | D        | Killed Maurice
  2109 | D        | Noticed a centaur warrior
  2109 | D        | Noticed a skeletal warrior
  2109 | D        | Noticed a brown ugly thing
  2109 | D        | Noticed a boulder beetle
  2111 | D        | Noticed an ogre mage
  2113 | D        | Killed a boulder beetle
  2113 | D        | Received a gift from Trog
  2117 | D        | Killed a centaur warrior
  2119 | D        | Killed a skeletal warrior
  2122 | D        | Noticed an ogre mage
  2126 | D        | Killed a brown ugly thing
  2126 | D        | Noticed a stone giant
  2130 | D        | Killed an ogre mage
  2130 | D        | Received a gift from Trog
  2131 | D        | Reached XP level 12. HP: 136/136 MP: 11/11
  2133 | D        | Killed an ogre mage
  2139 | D        | Killed a stone giant
  2139 | D        | Noticed a rakshasa
  2140 | D        | Noticed a deep troll earth mage
  2150 | D        | Killed a rakshasa
  2153 | D        | Killed a deep troll earth mage
  2153 | D        | Received a gift from Trog
  2568 | D        | Noticed a frost giant
  2569 | D        | Noticed a vampire mage
  2579 | D        | Killed a frost giant
  2580 | D        | Killed a vampire mage
  3018 | D        | Noticed an entropy weaver
  3021 | D        | Killed an entropy weaver
  3021 | D        | Received a gift from Trog
  3039 | D        | Identified the +2 rapier of Yesterday {vorpal, rN+ Str-4
                  | SInv} (Trog gifted it to you in the Dungeon)
  3039 | D        | Received a gift from Trog
  3149 | D        | Noticed an eleionoma
  3149 | D        | Noticed an alligator
  3153 | D        | Reached skill level 15 in Armour
  3156 | D        | Killed an eleionoma
  3157 | D        | Noticed an alligator
  3159 | D        | Received a gift from Trog
  3173 | D        | Reached skill level 1 in Evocations
  3174 | D        | Noticed an eight-headed hydra
  3175 | D        | Killed an alligator
  3181 | D        | Killed an alligator
  3182 | D        | Reached XP level 13. HP: 149/149 MP: 12/12
  3237 | D        | Received a gift from Trog
  3256 | D        | Received a gift from Trog
  3422 | D        | Received a gift from Trog
  3431 | D        | Received a gift from Trog
  3446 | D        | Identified the +6 great sword of Quick Contention {flame,
                  | Stlth+} (Trog gifted it to you in the Dungeon)
  3446 | D        | Received a gift from Trog
  3537 | D        | Noticed Nergalle
  3544 | D        | Killed Nergalle
  3625 | D        | Noticed a fire giant
  3625 | D        | Noticed a frost giant
  3641 | D        | Killed a fire giant
  3641 | D        | Received a gift from Trog
  3644 | D        | Killed a frost giant
  3645 | D        | Reached skill level 27 in Polearms
  3646 | D        | Noticed a white very ugly thing
  3647 | D        | Noticed a tentacled monstrosity
  3648 | D        | Noticed a spark wasp
  3649 | D        | Noticed a shadow dragon
  3653 | D        | Killed a white very ugly thing
  3661 | D        | Killed a tentacled monstrosity
  3666 | D        | Killed a spark wasp
  3666 | D        | Received a gift from Trog
  3742 | D        | Killed a shadow dragon
  3745 | D        | Reached skill level 27 in Fighting
  4128 | D        | Noticed a purple very ugly thing
  4129 | D        | Noticed a stone giant
  4129 | D        | Noticed a stone giant
  4130 | D        | Noticed a purple very ugly thing
  4131 | D        | Noticed a fire giant
  4139 | D        | Killed a purple very ugly thing
  4143 | D        | Killed a stone giant
  4147 | D        | Killed a stone giant
  4148 | D        | Reached XP level 14. HP: 168/168 MP: 13/13
  4150 | D        | Killed a purple very ugly thing
  4155 | D        | Killed a fire giant
  4207 | D        | Noticed a white very ugly thing
  4211 | D        | Received a gift from Trog
  4213 | D        | Noticed an ironbound preserver
  4219 | D        | Killed a white very ugly thing
  4392 | D        | Killed an ironbound preserver
  4393 | D        | Noticed a vault warden
  4394 | D        | Received a gift from Trog
  4407 | D        | Noticed an ironbound thunderhulk
  4410 | D        | Killed a vault warden
  4418 | D        | Received a gift from Trog
  4428 | D        | Killed an ironbound thunderhulk
  4430 | D        | HP: 6/168 [dire elephant (17)]
  4434 | D        | Slain by a dire elephant

Illustrated notes

Levels and vault maps discovered:
D:        linesprint [early_d, line_temple, items_1, d_10, items_2, lair_1,
          lair_end, items_3, orc_1, orc_end, items_4, d_15, swamp_1, shoals_1,
          snake_1, spider_1, d_20, vaults_1, items_5, swamp_end, shoals_end,
          snake_end, spider_end, vaults_end, d_27, items_6, zot_1, zot_end,
          crypt_end, forest_end, elf_end, slime_end, tomb_end, abyss_end,
          pan_hell_end]

Skill      XL: |  1  2  3  4  5  6  7  8  9 10 11 12 13 14 |
---------------+-------------------------------------------+-----
Fighting       | 5 7 9 10 11 13 14 16 18 21 23 27 | 27.0
Polearms       | 5 7 9 10 12 14 16 18 21 23 25 27 | 27.0
Armour         | 3 4 5 7 8 9 10 12 15 20 25 | 25.0
Dodging        | 3 4 5 6 7 8 9 10 11 12 | 12.6
Stealth        | 3 |  3.8
Evocations     | 1 |  1.2

Action                   |  1- 3 |  4- 6 |  7- 9 | 10-12 | 13-15 || total
-------------------------+-------+-------+-------+-------+-------++-------
Melee: Spear             |    11 |    12 |       |       |       ||    23
       Headbutt          |     3 |     2 |     7 |    35 |    35 ||    82
       Halberd           |       |     7 |    40 |    50 |       ||    97
       Glaive            |       |       |       |   204 |   179 ||   383
Invok: Berserk           |     1 |     1 |     2 |     5 |     7 ||    16
       Brothers in Arms  |       |       |       |     1 |     2 ||     3
Evoke: Wand              |       |       |       |     1 |       ||     1
  Use: Potion            |       |       |       |       |     2 ||     2
Armor: Animal skin       |       |     1 |       |       |       ||     1
       Ring mail         |       |       |     5 |    12 |       ||    17
       Plate armour      |       |       |       |    23 |    53 ||    76
Dodge: Dodged            |     4 |     6 |    19 |    55 |    57 ||   141

Table legend: (Time is in decaauts)
 A = Elapsed time spent in this place.
 B = Non-inter-level travel time spent in this place.
 C = Inter-level travel time spent in this place.
 D = Time resting spent in this place.
 E = Time spent auto-exploring this place.
 F = Levels seen in this place.
 G = Mean time per level.
                   A        B        C        D        E       F      G
               +--------+--------+--------+--------+--------+-----+--------+
         Total |   4395 |   4395 |      0 |   2905 |    196 |   1 | 4395.0 |
       Dungeon |   4395 |   4395 |      0 |   2905 |    196 |   1 | 4395.0 |
               +--------+--------+--------+--------+--------+-----+--------+

Top non-repeatable levels by time:
       D: 4395 daAuts
